Workbook

Sheet Dashboard
B2: Development Management
B4: FORMULAPLANET • EUR • v1.2 • Illustrative inputs • Pre-tax
B5: Active case (1 base / 2 downside) | C5: =Assumptions!C6 -> 1
B8: Total fees collected | C8: =SUM(Forecast!C10:AM10) -> 775000
B9: Total delivery costs | C9: =SUM(Forecast!C11:AM11) -> 456000
B10: Management profit | C10: =C8-C9 -> 319000
B11: Profit margin | C11: =IF(C8>0,C10/C8,0) -> 0.4116129
B12: Peak working capital | C12: =-MIN(0,Forecast!C13:AM13) -> 0
B26: Select base / downside in Assumptions. Review Checks before relying on returns. The workbook is a planning tool; figures do not verify market data.

Sheet Assumptions
B2: Assumptions
B4: FORMULAPLANET • EUR • v1.2 • Illustrative inputs • Pre-tax
B6: Case: 1 base / 2 downside | C6: 1
C7: Base | D7: Downside | E7: Active
B8: Managed construction budget | C8: 15000000 | D8: 17000000 | E8: =IF($C$6=2,D8,C8) -> 15000000
B9: Development management fee | C9: 0.045 | D9: 0.045 | E9: =IF($C$6=2,D9,C9) -> 0.045
B10: Management duration (months) | C10: 24 | D10: 30 | E10: =IF($C$6=2,D10,C10) -> 24
B11: Monthly team / payroll costs | C11: 16000 | D11: 19000 | E11: =IF($C$6=2,D11,C11) -> 16000
B12: Monthly office / overhead | C12: 3000 | D12: 4000 | E12: =IF($C$6=2,D12,C12) -> 3000
B13: Completion success fee | C13: 100000 | D13: 0 | E13: =IF($C$6=2,D13,C13) -> 100000
B14: Fee retention released at completion | C14: 0.1 | D14: 0.1 | E14: =IF($C$6=2,D14,C14) -> 0.1

Sheet Forecast
B2: Forecast
B4: FORMULAPLANET • EUR • v1.2 • Illustrative inputs • Pre-tax
B5: Active case (1 base / 2 downside) | C5: =Assumptions!C6 -> 1
B6: Month | C6: =0 -> 0 | D6: =1 -> 1 | E6: =2 -> 2 | F6: =3 -> 3 | G6: =4 -> 4 | H6: =5 -> 5 | I6: =6 -> 6 | J6: =7 -> 7 | K6: =8 -> 8 | L6: =9 -> 9 | M6: =10 -> 10 | N6: =11 -> 11 | O6: =12 -> 12 | P6: =13 -> 13 | Q6: =14 -> 14 | R6: =15 -> 15 | S6: =16 -> 16 | T6: =17 -> 17 | U6: =18 -> 18 | V6: =19 -> 19 | W6: =20 -> 20 | X6: =21 -> 21 | Y6: =22 -> 22 | Z6: =23 -> 23 | AA6: =24 -> 24 | AB6: =25 -> 25 | AC6: =26 -> 26 | AD6: =27 -> 27 | AE6: =28 -> 28 | AF6: =29 -> 29 | AG6: =30 -> 30 | AH6: =31 -> 31 | AI6: =32 -> 32 | AJ6: =33 -> 33 | AK6: =34 -> 34 | AL6: =35 -> 35 | AM6: =36 -> 36
B8: Managed construction spend | C8: =0 -> 0 | D8: =IF(D$6<=Assumptions!$E$10,Assumptions!$E$8/Assumptions!$E$10,0) -> 625000 | E8: =IF(E$6<=Assumptions!$E$10,Assumptions!$E$8/Assumptions!$E$10,0) -> 625000 | F8: =IF(F$6<=Assumptions!$E$10,Assumptions!$E$8/Assumptions!$E$10,0) -> 625000 | G8: =IF(G$6<=Assumptions!$E$10,Assumptions!$E$8/Assumptions!$E$10,0) -> 625000 | H8: =IF(H$6<=Assumptions!$E$10,Assumptions!$E$8/Assumptions!$E$10,0) -> 625000 | I8: =IF(I$6<=Assumptions!$E$10,Assumptions!$E$8/Assumptions!$E$10,0) -> 625000 | J8: =IF(J$6<=Assumptions!$E$10,Assumptions!$E$8/Assumptions!$E$10,0) -> 625000 | K8: =IF(K$6<=Assumptions!$E$10,Assumptions!$E$8/Assumptions!$E$10,0) -> 625000 | ... AM8: =IF(AM$6<=Assumptions!$E$10,Assumptions!$E$8/Assumptions!$E$10,0) -> 0
B9: Base fee earned | C9: =C8*Assumptions!$E$9 -> 0 | D9: =D8*Assumptions!$E$9 -> 28125 | E9: =E8*Assumptions!$E$9 -> 28125 | F9: =F8*Assumptions!$E$9 -> 28125 | G9: =G8*Assumptions!$E$9 -> 28125 | H9: =H8*Assumptions!$E$9 -> 28125 | I9: =I8*Assumptions!$E$9 -> 28125 | J9: =J8*Assumptions!$E$9 -> 28125 | ... AM9: =AM8*Assumptions!$E$9 -> 0
B10: Fee receipts incl. retention release | C10: =C9*(1-Assumptions!$E$14)+IF(C$6=Assumptions!$E$10,Assumptions!$E$8*Assumptions!$E$9*Assumptions!$E$14+Assumptions!$E$13,0) -> 0 | D10: =D9*(1-Assumptions!$E$14)+IF(D$6=Assumptions!$E$10,Assumptions!$E$8*Assumptions!$E$9*Assumptions!$E$14+Assumptions!$E$13,0) -> 25312.5 | E10: =E9*(1-Assumptions!$E$14)+IF(E$6=Assumptions!$E$10,Assumptions!$E$8*Assumptions!$E$9*Assumptions!$E$14+Assumptions!$E$13,0) -> 25312.5 | F10: =F9*(1-Assumptions!$E$14)+IF(F$6=Assumptions!$E$10,Assumptions!$E$8*Assumptions!$E$9*Assumptions!$E$14+Assumptions!$E$13,0) -> 25312.5 | G10: =G9*(1-Assumptions!$E$14)+IF(G$6=Assumptions!$E$10,Assumptions!$E$8*Assumptions!$E$9*Assumptions!$E$14+Assumptions!$E$13,0) -> 25312.5 | H10: =H9*(1-Assumptions!$E$14)+IF(H$6=Assumptions!$E$10,Assumptions!$E$8*Assumptions!$E$9*Assumptions!$E$14+Assumptions!$E$13,0) -> 25312.5 | I10: =I9*(1-Assumptions!$E$14)+IF(I$6=Assumptions!$E$10,Assumptions!$E$8*Assumptions!$E$9*Assumptions!$E$14+Assumptions!$E$13,0) -> 25312.5 | J10: =J9*(1-Assumptions!$E$14)+IF(J$6=Assumptions!$E$10,Assumptions!$E$8*Assumptions!$E$9*Assumptions!$E$14+Assumptions!$E$13,0) -> 25312.5 | ... AM10: =AM9*(1-Assumptions!$E$14)+IF(AM$6=Assumptions!$E$10,Assumptions!$E$8*Assumptions!$E$9*Assumptions!$E$14+Assumptions!$E$13,0) -> 0
B11: Team and overhead cost | C11: =0 -> 0 | D11: =IF(D$6<=Assumptions!$E$10,Assumptions!$E$11+Assumptions!$E$12,0) -> 19000 | E11: =IF(E$6<=Assumptions!$E$10,Assumptions!$E$11+Assumptions!$E$12,0) -> 19000 | F11: =IF(F$6<=Assumptions!$E$10,Assumptions!$E$11+Assumptions!$E$12,0) -> 19000 | G11: =IF(G$6<=Assumptions!$E$10,Assumptions!$E$11+Assumptions!$E$12,0) -> 19000 | H11: =IF(H$6<=Assumptions!$E$10,Assumptions!$E$11+Assumptions!$E$12,0) -> 19000 | I11: =IF(I$6<=Assumptions!$E$10,Assumptions!$E$11+Assumptions!$E$12,0) -> 19000 | J11: =IF(J$6<=Assumptions!$E$10,Assumptions!$E$11+Assumptions!$E$12,0) -> 19000 | K11: =IF(K$6<=Assumptions!$E$10,Assumptions!$E$11+Assumptions!$E$12,0) -> 19000 | ... AM11: =IF(AM$6<=Assumptions!$E$10,Assumptions!$E$11+Assumptions!$E$12,0) -> 0
B12: Net management cash flow | C12: =C10-C11 -> 0 | D12: =D10-D11 -> 6312.5 | E12: =E10-E11 -> 6312.5 | F12: =F10-F11 -> 6312.5 | G12: =G10-G11 -> 6312.5 | H12: =H10-H11 -> 6312.5 | I12: =I10-I11 -> 6312.5 | J12: =J10-J11 -> 6312.5 | ... AM12: =AM10-AM11 -> 0
B13: Cumulative cash flow | C13: =SUM($C12:C12) -> 0 | D13: =SUM($C12:D12) -> 6312.5 | E13: =SUM($C12:E12) -> 12625 | F13: =SUM($C12:F12) -> 18937.5 | G13: =SUM($C12:G12) -> 25250 | H13: =SUM($C12:H12) -> 31562.5 | I13: =SUM($C12:I12) -> 37875 | J13: =SUM($C12:J12) -> 44187.5 | ... AM13: =SUM($C12:AM12) -> 319000

Sheet Sensitivity
B2: Sensitivity
B4: FORMULAPLANET • EUR • v1.2 • Illustrative inputs • Pre-tax
B5: Active case (1 base / 2 downside) | C5: =Assumptions!C6 -> 1
B6: Management profit: project duration in months vertically; management fee percentage horizontally.
C9: =Assumptions!$E$9+-0.01 -> 0.035 | D9: =Assumptions!$E$9+-0.005 -> 0.04 | E9: =Assumptions!$E$9+0 -> 0.045 | F9: =Assumptions!$E$9+0.005 -> 0.05 | G9: =Assumptions!$E$9+0.01 -> 0.055
B10: =Assumptions!$E$10+-6 -> 18 | C10: =Assumptions!$E$8*C$9+Assumptions!$E$13-(Assumptions!$E$11+Assumptions!$E$12)*$B10 -> 283000 | D10: =Assumptions!$E$8*D$9+Assumptions!$E$13-(Assumptions!$E$11+Assumptions!$E$12)*$B10 -> 358000 | E10: =Assumptions!$E$8*E$9+Assumptions!$E$13-(Assumptions!$E$11+Assumptions!$E$12)*$B10 -> 433000 | F10: =Assumptions!$E$8*F$9+Assumptions!$E$13-(Assumptions!$E$11+Assumptions!$E$12)*$B10 -> 508000 | G10: =Assumptions!$E$8*G$9+Assumptions!$E$13-(Assumptions!$E$11+Assumptions!$E$12)*$B10 -> 583000
B11: =Assumptions!$E$10+-3 -> 21 | C11: =Assumptions!$E$8*C$9+Assumptions!$E$13-(Assumptions!$E$11+Assumptions!$E$12)*$B11 -> 226000 | D11: =Assumptions!$E$8*D$9+Assumptions!$E$13-(Assumptions!$E$11+Assumptions!$E$12)*$B11 -> 301000 | E11: =Assumptions!$E$8*E$9+Assumptions!$E$13-(Assumptions!$E$11+Assumptions!$E$12)*$B11 -> 376000 | F11: =Assumptions!$E$8*F$9+Assumptions!$E$13-(Assumptions!$E$11+Assumptions!$E$12)*$B11 -> 451000 | G11: =Assumptions!$E$8*G$9+Assumptions!$E$13-(Assumptions!$E$11+Assumptions!$E$12)*$B11 -> 526000
B12: =Assumptions!$E$10+0 -> 24 | C12: =Assumptions!$E$8*C$9+Assumptions!$E$13-(Assumptions!$E$11+Assumptions!$E$12)*$B12 -> 169000 | D12: =Assumptions!$E$8*D$9+Assumptions!$E$13-(Assumptions!$E$11+Assumptions!$E$12)*$B12 -> 244000 | E12: =Assumptions!$E$8*E$9+Assumptions!$E$13-(Assumptions!$E$11+Assumptions!$E$12)*$B12 -> 319000 | F12: =Assumptions!$E$8*F$9+Assumptions!$E$13-(Assumptions!$E$11+Assumptions!$E$12)*$B12 -> 394000 | G12: =Assumptions!$E$8*G$9+Assumptions!$E$13-(Assumptions!$E$11+Assumptions!$E$12)*$B12 -> 469000
B13: =Assumptions!$E$10+3 -> 27 | C13: =Assumptions!$E$8*C$9+Assumptions!$E$13-(Assumptions!$E$11+Assumptions!$E$12)*$B13 -> 112000 | D13: =Assumptions!$E$8*D$9+Assumptions!$E$13-(Assumptions!$E$11+Assumptions!$E$12)*$B13 -> 187000 | E13: =Assumptions!$E$8*E$9+Assumptions!$E$13-(Assumptions!$E$11+Assumptions!$E$12)*$B13 -> 262000 | F13: =Assumptions!$E$8*F$9+Assumptions!$E$13-(Assumptions!$E$11+Assumptions!$E$12)*$B13 -> 337000 | G13: =Assumptions!$E$8*G$9+Assumptions!$E$13-(Assumptions!$E$11+Assumptions!$E$12)*$B13 -> 412000
B14: =Assumptions!$E$10+6 -> 30 | C14: =Assumptions!$E$8*C$9+Assumptions!$E$13-(Assumptions!$E$11+Assumptions!$E$12)*$B14 -> 55000 | D14: =Assumptions!$E$8*D$9+Assumptions!$E$13-(Assumptions!$E$11+Assumptions!$E$12)*$B14 -> 130000 | E14: =Assumptions!$E$8*E$9+Assumptions!$E$13-(Assumptions!$E$11+Assumptions!$E$12)*$B14 -> 205000 | F14: =Assumptions!$E$8*F$9+Assumptions!$E$13-(Assumptions!$E$11+Assumptions!$E$12)*$B14 -> 280000 | G14: =Assumptions!$E$8*G$9+Assumptions!$E$13-(Assumptions!$E$11+Assumptions!$E$12)*$B14 -> 355000

Sheet Checks
B2: Checks
B4: FORMULAPLANET • EUR • v1.2 • Illustrative inputs • Pre-tax
B5: Active case (1 base / 2 downside) | C5: =Assumptions!C6 -> 1
B8: Fee reconciliation (zero) | C8: =SUM(Forecast!C10:AM10)-Assumptions!$E$8*Assumptions!$E$9-Assumptions!$E$13 -> 0
B9: Construction budget reconciliation | C9: =SUM(Forecast!C8:AM8)-Assumptions!$E$8 -> 0
B12: Dashboard IRR calculation | C12: N/A — no Dashboard IRR output

Sheet ReadMe
B2: ReadMe
B4: FORMULAPLANET • EUR • v1.2 • Illustrative inputs • Pre-tax
B5: Active case (1 base / 2 downside) | C5: =Assumptions!C6 -> 1
B6: Development Management — editable, formula-driven underwriting workbook. Change the yellow / blue cells in Assumptions. Select case 2 for a downside through the same schedules.
B9: Inputs are illustrative, not researched market evidence. All values are EUR, nominal and before income tax / VAT. Acquisition costs are an explicit assumption. No macros, external links or hidden worksheets.
B12: Cash flow timing is stated on the forecast. Review financing covenants, operating assumptions and local taxes for your project. IRR may be undefined or non-unique for cash flows with multiple sign changes.
B15: Blue = editable input; green = linked assumption; dark = calculated output. Negative values are parenthesized. Checks are diagnostic only and do not drive the model. FormulaPlanet free-use licence: use and edit for your own organisation, studies and client analysis; do not sell or redistribute the original files.
B19: Development manager fee business, not property investment returns. Monthly evenly phased work, payroll, retention and completion bonus. No IRR is shown where the business has no initial investment. Duration must be 1–36 months.
